 Dungeon Crawl Stone Soup version 0.25-a0-68-ge58f8a54b6 (webtiles) character file.

Game seed: 6336063606989305080, levelgen mode: deterministic

160 iamserjio the Ducker (level 5, 0/33 HPs)
             Began as an Octopode Gladiator on Nov 2, 2019.
             Was an Initiate of Hepliaklqana.
             Slain by a gnoll
             ... wielding a +0 spear
              (7 damage)
             ... on level 3 of the Dungeon.
             The game lasted 00:02:05 (2500 turns).

iamserjio the Ducker (Octopode Gladiator)           Turns: 2500, Time: 00:02:06

Health: 0/33       AC:  1    Str: 13    XL:     5   Next: 41%
Magic:  5/5        EV: 15    Int: 11    God:    Hepliaklqana [......]
Gold:   81         SH:  0    Dex: 14    Spells: 4/4 levels left

rFire    . . .     SeeInvis .   i - +0 whip (freeze)
rCold    . . .     Gourm    .   (no shield)
rNeg     . . .     Faith    .   b - +0 hat
rPois    .         Spirit   .   (no amulet)
rElec    .         Reflect  .   (no ring)
rCorr    .         Harm     .   (no ring)
MR       .....                  (no ring)
Stlth    ++........             (no ring)
HPRegen  0.11/turn              (no ring)
MPRegen  0.09/turn              (no ring)
                                (no ring)
                                (no ring)

@: no status effects
A: almost no armour, stealthy swim, amphibious, 8 rings, constrict 8, reduced
essence, camouflage 1, gelatinous body 1
a: Recall Ancestor, Ancestor Identity, Renounce Religion


You were on level 3 of the Dungeon.
You worshipped Hepliaklqana.
Hepliaklqana was noncommittal.
You were not hungry.

You visited 1 branch of the dungeon, and saw 3 of its levels.

You collected 81 gold pieces.

Inventory:

Hand Weapons
 a - a +0 rapier
 i - a +0 whip of freezing (weapon)
Missiles
 c - 3 throwing nets {!f}
 j - 21 poisoned darts (quivered)
 k - 38 stones
Armour
 b - a +0 hat (worn)
Jewellery
 g - a +6 ring of intelligence {unknown}
 o - an uncursed amulet of rage {unknown}
 p - a +3 ring of protection {unknown}
Scrolls
 e - 4 scrolls of identify {unknown}
 m - a scroll of enchant weapon {unknown}
 q - a scroll of magic mapping {unknown}
 s - a scroll of fog {unknown}
 t - a scroll of enchant armour {unknown}
 u - a scroll of noise {unknown}
 v - a scroll of amnesia {unknown}
Potions
 f - 5 potions of curing {unknown}
 h - 2 potions of flight {unknown}
 l - a potion of might {unknown}
 n - a potion of degeneration {unknown}
 w - a potion of mutation {unknown}
 x - a potion of heal wounds {unknown}
Comestibles
 d - 3 rations
 r - 5 chunks of flesh


   Skills:
 * Level 4.0 Fighting
 - Level 3.0 Short Blades
 - Level 2.0 Throwing
 * Level 4.6 Dodging


You had 4 spell levels left.
You didn't know any spells.
Your spell library was empty.

Dungeon Overview and Level Annotations

Branches:
Dungeon (3/15)

Altars:
Ashenzari
Fedhas
Hepliaklqana
Vehumet


Innate Abilities, Weirdness & Mutations

You cannot wear most types of armour.
You are very stealthy in the water. (Stealth+)
You are amphibious.
You can wear up to eight rings at the same time.
You can use your tentacles to constrict eight enemies at once.
Your skin changes colour to match your surroundings (Stealth+).
Your rubbery body absorbs attacks. (AC +1, EV +1)
Your life essence is reduced to manifest your ancestor. (-10% HP)


Message History

The orc hits Thabo.
Thabo hits the orc.
The orc hits Thabo.
Thabo hits the orc but does no damage.
The orc hits Thabo.
Thabo barely misses the orc.
The orc barely misses Thabo.
Thabo barely misses the orc.
The orc hits Thabo.
Thabo barely misses the orc.
The orc hits Thabo but does no damage.
Thabo hits the orc.
The orc closely misses Thabo.
Thabo hits the orc but does no damage.
The orc hits Thabo.
Thabo hits the orc.
The orc dies!
The gnoll throws a stone.
The stone barely misses Thabo.
The stone hits you.
You see here a stone.
The gnoll hits you from afar with a +0 spear.
Thabo completely misses the gnoll.
You see here a bat corpse.
The gnoll hits you with a +0 spear!
* * * LOW HITPOINT WARNING * * *
Things that are here:
a +0 chain mail; an orc corpse; an adder corpse The gnoll hits you from afar with a +0 spear!
You die...

### ### ### #..###.. ..#
## #..##.# #.#
#.###..#.##### #.#
..#..#.....R@(.# #.#
#........#g###.###.#####
....#..)#..###.........#
.....8))(..........###.#
.............####..# #.#
.............# #.## #.#
.............# #..# #.#
..............# #..# #.#
...............##..###.#


You could see the friendly Thabo the ancestor and a gnoll.

Vanquished Creatures
  2 gnolls (D:3)
  An adder (D:3)
  A dart slug (D:1)
  A leopard gecko (D:1)
  An orc (D:3)
  3 giant cockroaches (D:1)
  4 goblins
  2 hobgoblins (D:1)
  4 jackals (D:3)
  6 bats
  3 frilled lizards
  4 kobolds
  4 rats (D:1)
36 creatures vanquished.

Vanquished Creatures (collateral kills)
  An ogre (D:3)
  2 worms
  An orc (D:3)
  A kobold (D:2)
  A rat (D:2)
6 creatures vanquished.

Grand Total: 42 creatures vanquished

Notes
Turn   | Place    | Note
-------+----------+-------------------------------------------
     0 | D:1      | iamserjio the Octopode Gladiator began the quest for the
                  | Orb.
     0 | D:1      | Reached XP level 1. HP: 14/14 MP: 1/1
   327 | D:1      | Reached XP level 2. HP: 18/20 MP: 2/2
  1068 | D:2      | Reached XP level 3. HP: 25/25 MP: 3/3
  1104 | D:2      | Found a hazy altar of Hepliaklqana.
  1130 | D:2      | Became a worshipper of Hepliaklqana the Forgotten
  1170 | D:2      | HP: 1/22 [worm (10)]
  1521 | D:2      | Found a radiant altar of Vehumet.
  1765 | D:2      | Found a blossoming altar of Fedhas.
  2155 | D:3      | Found a shattered altar of Ashenzari.
  2410 | D:3      | Noticed an ogre
  2420 | D:3      | Killed an ogre
  2420 | D:3      | Reached XP level 4. HP: 29/29 MP: 4/4
  2420 | D:3      | Reached XP level 5. HP: 33/33 MP: 5/5
  2500 | D:3      | Slain by a gnoll

Levels and vault maps discovered:
D:1:      wander_arrival_desolate, layout_loops_ring
D:2:      layout_loops_ring, old_standard_altar, vehumet_crystals,
          nicolae_overflow_crystal_walls
D:3:      layout_loops_corners, nicolae_overflow_hidden_temple,
          kennysheep_decorative_pillar, grunt_decor_fettered

Skill      XL: |  1  2  3  4  5 |
---------------+----------------+-----
Fighting       | 3 4 |  4.0
Dodging        | 4 |  4.6
Short Blades   | |  3.0
Throwing       | |  2.0

Action                   |  1- 3 |  4- 6 || total
-------------------------+-------+-------++-------
Melee: Rapier            |    28 |       ||    28
       Constrict         |    17 |     7 ||    24
       Tentacles         |     8 |     5 ||    13
       Whip              |    32 |    11 ||    43
Throw: Throwing net      |     1 |       ||     1
       Dart              |     2 |       ||     2
 Stab: Sleeping          |     4 |       ||     4
  Eat: Ration            |     1 |       ||     1
       Chunk             |     1 |       ||     1
Armor: Skin              |     3 |     4 ||     7
Dodge: Dodged            |    31 |    17 ||    48

Table legend:
 A = Non-vault XP
 B = Vault XP
 C = Vault XP percentage of total XP
 D = Non-vault monster count
 E = Vault monster count
 F = Vault count percentage of total count
                 A         B        C        D         E       F
            +---------+---------+-------+---------+---------+-------
      Total |     229 |       0 |   0.0 |      42 |       0 |   0.0
            +---------+---------+-------+---------+---------+-------
        D:1 |      33 |       0 |   0.0 |      20 |       0 |   0.0
        D:2 |      11 |       0 |   0.0 |       6 |       0 |   0.0
        D:3 |     185 |       0 |   0.0 |      16 |       0 |   0.0
            +---------+---------+-------+---------+---------+-------
